AoeStats
← AlexAlmi

Arabia

509698422Analyzed
1v1 RM · 5d ago on Sep 27, 2026· 39m 6s· 2 players
Game mode
Random Map
Map size
Tiny (2 player)
Population
200
Speed
Normal
Resources
Standard
Victory
Conquest
Starting age
Dark Age
Ending age
Imperial Age
RankedLock teamsTeams togetherTeam positionsShared explorationLock speedFull tech treeHidden civsTurbo modeCheats
Victory
Defeat
🇫🇷 Ethiopians · France
800
+16
🇪🇸 Franks · Spain
791
-16
AlexAlmi
11:27 Feudal Age
16:38 Castle Age
14:32 Double-Bit Axe
18:09 Loom
18:32 Stone Mining
21:16 Bow Saw
27:36 Gold Mining
28:12 Scale Barding Armor
29:42 Forging
33:01 Wheelbarrow
36:10 Imperial Age
37:06 Chain Barding Armor
37:48 Iron Casting
36:38 Cavalier
38:05 Husbandry
39:37 Conscription
tontonkuk
6:36 Loom
9:00 Feudal Age
14:13 Fletching
23:56 Castle Age
22:22 Arson
22:27 Double-Bit Axe
29:38 Wheelbarrow
34:22 Imperial Age
32:28 Crossbowman
36:21 Hand Cart
35:51 Town Watch
38:45 Thumb Ring
Connection lost

Rejoining the realm…

Still unreachable

The connection could not be restored.

Session expired

The server has moved on; the page needs a fresh start.